 Dungeon Sprint DCSS version 0.27.1-2-g3b301248ec (webtiles) character file.

Game seed: 7488907004235726908

1843 boopmooplesden the Protected (level 8, -7/74 HPs)
             Began as a Minotaur Fighter on Sept 25, 2021.
             Was a Follower of Okawaru.
             Mangled by a polar bear (24 damage)
             ... in the Dungeon (Sprint II: "The Violet Keep of Menkaure").
             The game lasted 00:03:52 (820 turns).

boopmooplesden the Protected (Minotaur Fighter)      Turns: 820, Time: 00:03:52

Health: -7/74      AC: 17    Str: 19 (21) XL:     8   Next: 88%
Magic:  7/7        EV:  7    Int: 10      God:    Okawaru [*.....]
Gold:   30         SH: 12    Dex: 10      Spells: 7/7 levels left

rFire    + + .     SeeInvis .   k - +9 flail "Ebrunoor" {vamp, Int+5}
rCold    + . .     Faith    .   c - +0 kite shield
rNeg     . . .     Spirit   .   i - +0 plate armour of Autotheism {rF++ rC+}
rPois    .         Reflect  .   (helmet unavailable)
rElec    .         Harm     .   (no cloak)
rCorr    .         Rampage  .   e - +0 pair of gloves
Will     .....     NoTele   +   (no boots)
Stlth    ..........             (no amulet)
HPRegen  0.22/turn              (no ring)
MPRegen  0.10/turn              (no ring)

@: no status effects
A: horns 3, retaliatory headbutt, deterioration 1, frail 1, weak 1
a: Renounce Religion, Heroism


You were in the Dungeon.
You worshipped Okawaru.
Okawaru was aware of your devotion.
You visited 1 branch You collected 972 gold pieces.
You spent 942 gold pieces at shops.

Inventory:

Hand Weapons
 a - a +0 war axe
 k - the +9 flail "Ebrunoor" (weapon) {vamp, Int+5}
   (You bought it in a shop in the Dungeon)

   It occasionally heals its wielder for a portion of the damage dealt when it
   wounds a living foe.
   Int:       It affects your intelligence (+5).
Armour
 b - a +0 scale mail
 c - a +0 kite shield (worn)
 e - a +0 pair of gloves (worn)
 i - the +0 plate armour of Autotheism (worn) {rF++ rC+}
   (You bought it in a shop in the Dungeon)

   rF:        It greatly protects you from fire.
   rC:        It protects you from cold.
Scrolls
 j - a scroll of blinking
Potions
 d - a potion of might
 g - a potion of haste
 h - 2 potions of magic


   Skills:
 + Level 11.8 Fighting
 + Level 10.4(10.6) Axes
 + Level 3.0(7.4) Maces & Flails
 + Level 12.6 Armour
 + Level 4.0 Dodging
 + Level 0.8 Stealth
 + Level 12.3 Shields


You had 7 spell levels left.
You didn't know any spells.
Your spell library was empty.

Dungeon Overview and Level Annotations

Branches:
Dungeon (1/1)

Altars:
Cheibriados
Dithmenos
Elyvilon
Fedhas
Gozag
Hepliaklqana
Kikubaaqudgha
Makhleb
Nemelex Xobeh
Okawaru
Qazlal
Ru
Sif Muna
Trog
Uskayaw
Vehumet
Wu Jian
Xom
Yredelemnul
Zin
The Shining One
Beogh
Jiyva
Lugonu

Shops:
D ?:=*!(*([=:=!=[

Annotations:
D exclusion: oklob plant


Innate Abilities, Weirdness & Mutations

You have a pair of large horns on your head.
You reflexively headbutt those who attack you in melee.
Your body sometimes deteriorates upon taking damage.
You are frail. (-10% HP)
You are weak. (Str -2)


Message History

You block the polar bear's attack.
The polar bear claws you but does no damage.
The polar bear barely misses you.
The polar bear bites you but does no damage.
The polar bear claws you but does no damage. x2
You thump the polar bear!
The polar bear is almost dead.
You block the polar bear's attack.
The polar bear claws you but does no damage.
You block the polar bear's attack. The polar bear bites you!
* * * LOW HITPOINT WARNING * * *
The polar bear claws you but does no damage.
The polar bear barely misses you.
You feel much better.
The polar bear bites you but does no damage.
The polar bear claws you but does no damage.
You block the polar bear's attack.
You sock the polar bear!
You feel better.
The polar bear is almost dead.
The polar bear bites you!
Your body deteriorates!
You feel weakened. You block the polar bear's attack.
The polar bear barely misses you. The polar bear bites you.
* * * LOW HITPOINT WARNING * * *
You block the polar bear's attack.
The polar bear claws you but does no damage.
You hit the polar bear but do no damage.
The polar bear is almost dead.
You block the polar bear's attack. x2
The polar bear claws you but does no damage.
Your shield and plate armour of Autotheism prevent you from hitting the polar bear.
The polar bear is almost dead.
The polar bear bites you.
* * * LOW HITPOINT WARNING * * *
The polar bear claws you.
* * * LOW HITPOINT WARNING * * *
You block the polar bear's attack.
The polar bear is engulfed in a cloud of scalding steam.
The polar bear bites you!!
You die...

###.# ...# ...#
.#.####..## #..# $#
#÷###.##..# +..# .# $
#.##...#..# #..# .# ([
.<.'.#.'..### ..##.# (")
#.##.).#....###...##▓▓▓▓
#'###.##......≈hh≈≈≈≈≈≈≈
##.####≈≈..§§§§#h#######
.##.#≈≈≈≈≈≈≈.§≈#@._._...
...##≈≈≈≈§§≈§.≈#._._._._
#+##≈≈≈≈≈≈§§§≈≈#_._._._.
≈≈≈≈≈≈≈≈≈§§≈≈≈≈#._._._._
+#+++#≈§≈≈≈≈§≈≈#.._._._.
..°. ##≈§≈###≈≈#..._._._
...°.°##≈≈# #§§#...._._.
.8°°...+ ≈# #§§#....._..
°..°..## ≈≈


You could see 3 polar bears.

Vanquished Creatures
  A merfolk siren (D)
  A yaktaur (D)
  A hornet (D)
  2 wyverns (D)
  3 neqoxecs (D)
  Menkaure (D)
  5 scorpions (D)
14 creatures vanquished.

Vanquished Creatures (others)
  A neqoxec (D)
  A water moccasin (D)
2 creatures vanquished.

Grand Total: 16 creatures vanquished

Notes
Turn   | Place    | Note
-------+----------+-------------------------------------------
     0 | D        | boopmooplesden the Minotaur Fighter began the quest for the
                  | Orb.
     0 | D        | Reached XP level 1. HP: 19/19 MP: 0/0
     1 | D        | Noticed a wyvern
     1 | D        | Noticed a wyvern
     4 | D        | Noticed a scorpion
     4 | D        | Noticed a scorpion
    17 | D        | Killed a scorpion
    18 | D        | Reached XP level 2. HP: 10/30 MP: 1/1
    18 | D        | Reached XP level 3. HP: 12/37 MP: 2/2
    22 | D        | Killed a scorpion
    23 | D        | Reached XP level 4. HP: 22/47 MP: 3/3
    24 | D        | Noticed a scorpion
    24 | D        | Noticed a scorpion
    28 | D        | Killed a scorpion
    29 | D        | Reached XP level 5. HP: 26/53 MP: 4/4
    32 | D        | Reached skill level 1 in Dodging
   150 | D        | Killed a water moccasin
   186 | D        | Noticed a neqoxec
   187 | D        | Gained mutation: You are weak. (Str -2) [a neqoxec]
   189 | D        | Noticed a neqoxec
   194 | D        | Gained mutation: Your body sometimes deteriorates upon
                  | taking damage. [a neqoxec]
   196 | D        | Killed a neqoxec
   196 | D        | Gained mutation: You are frail. (-10% HP) [a neqoxec]
   197 | D        | Reached skill level 5 in Axes
   197 | D        | Reached XP level 6. HP: 57/57 MP: 5/5
   201 | D        | Killed a neqoxec
   202 | D        | Reached skill level 10 in Armour
   202 | D        | Reached skill level 10 in Shields
   203 | D        | Noticed a neqoxec
   203 | D        | Noticed an ice statue
   211 | D        | Killed a neqoxec
   213 | D        | Gained mutation: You have a pair of large horns on your
                  | head. [a neqoxec]
   217 | D        | Killed a neqoxec
   218 | D        | Reached skill level 10 in Fighting
   218 | D        | Reached XP level 7. HP: 11/64 MP: 6/6
   483 | D        | Killed a wyvern
   489 | D        | Killed a wyvern
   661 | D        | Noticed a merfolk siren
   667 | D        | Killed a merfolk siren
   668 | D        | Reached XP level 8. HP: 73/73 MP: 7/7
   681 | D        | Found Zucigg's Jewellery Boutique.
   681 | D        | Found Hunu's Jewellery Boutique.
   681 | D        | Found Osuolyath's Book Shop.
   682 | D        | Found Wampit's Antique Armour Shop.
   682 | D        | Found Waaroc's Jewellery Shop.
   682 | D        | Found Feshora's Antique Armour Boutique.
   682 | D        | Found Xaonefe's Antique Weapon Shop.
   682 | D        | Found Efrumm's Assorted Antiques.
   683 | D        | Found Soir's Distillery.
   683 | D        | Found Afuamn's Antique Weapon Boutique.
   683 | D        | Found Moyc's Distillery.
   683 | D        | Found Qusarr's General Store.
   683 | D        | Noticed Menkaure
   697 | D        | Killed Menkaure
   735 | D        | Found Tyxzic's Jewellery Boutique.
   735 | D        | Noticed an oklob plant
   736 | D        | Found Doju's Book Shoppe.
   736 | D        | Found Bom Ujul's Magic Scroll Boutique.
   736 | D        | Noticed a cane toad
   736 | D        | Noticed a cane toad
   741 | D        | Bought a pair of gloves for 103 gold pieces
   741 | D        | Bought a heavily runed plate armour for 644 gold pieces
   741 | D        | Identified the +0 plate armour of Autotheism {rF++ rC+}
                  | (You bought it in a shop in the Dungeon)
   760 | D        | Bought a jewelled flail for 195 gold pieces
   760 | D        | Identified the +9 flail "Ebrunoor" {vamp, Int+5} (You
                  | bought it in a shop in the Dungeon)
   783 | D        | Found an iron altar of Okawaru.
   783 | D        | Found an opulent altar of Gozag.
   784 | D        | Found a sparkling altar of Nemelex Xobeh.
   784 | D        | Found a blossoming altar of Fedhas.
   785 | D        | Found a radiant altar of Vehumet.
   785 | D        | Found a burning altar of Makhleb.
   785 | D        | Found a white marble altar of Elyvilon.
   786 | D        | Found a hide-covered altar of Uskayaw.
   786 | D        | Found a corrupted altar of Lugonu.
   786 | D        | Found a shadowy altar of Dithmenos.
   787 | D        | Found a glowing silver altar of Zin.
   787 | D        | Found a bloodstained altar of Trog.
   787 | D        | Found an ancient bone altar of Kikubaaqudgha.
   787 | D        | Found a snail-covered altar of Cheibriados.
   788 | D        | Found a basalt altar of Yredelemnul.
   788 | D        | Found a shimmering blue altar of Sif Muna.
   788 | D        | Found a viscous altar of Jiyva.
   789 | D        | Found a shimmering altar of Xom.
   789 | D        | Found a sacrificial altar of Ru.
   791 | D        | Found a glowing golden altar of the Shining One.
   791 | D        | Found an ornate altar of the Wu Jian Council.
   791 | D        | Found a stormy altar of Qazlal.
   791 | D        | Found a hazy altar of Hepliaklqana.
   791 | D        | Noticed a hornet
   791 | D        | Noticed a polar bear
   792 | D        | Noticed a yaktaur
   792 | D        | Noticed a polar bear
   794 | D        | Became a worshipper of Warmaster Okawaru
   794 | D        | Noticed a polar bear
   805 | D        | Killed a hornet
   806 | D        | Reached skill level 10 in Axes
   806 | D        | Reached skill level 1 in Maces & Flails
   810 | D        | Killed a yaktaur
   810 | D        | Reached * piety under Okawaru
   820 | D        | Mangled by a polar bear

Illustrated notes

Levels and vault maps discovered:
D:        the_violet_keep_of_menkaure [sprint2_stairs_cluster_1,
          sprint2_shoproom, sprint2_temple, sprint2_basic_supplies,
          sprint2_obstacle_2, sprint2_obstacle_5, sprint2_obstacle_7,
          sprint2_obstacle_6, sprint2_obstacle_3, sprint2_timed_cluster_1,
          sprint2_smallroom_cluster_1, sprint2_smallroom_final_cluster_1,
          sprint2_transparent_cluster_1, sprint2_second_timed_cluster_1,
          sprint2_sniper_area_1, sprint2_heavy_combat_area_1,
          sprint2_mutation_trap_area_1, sprint2_forest_area_1,
          sprint2_light_combat_area_1, sprint2_behind_water_1,
          sprint2_near_end_vault_1]

Skill      XL: |  1  2  3  4  5  6  7  8 |
---------------+-------------------------+-----
Fighting       | 6 7 9 10 11 | 11.8
Axes           | 3 4 5 6 9 10 | 10.4
Armour         | 6 7 8 9 10 12 | 12.6
Shields        | 6 7 8 9 10 11 12 | 12.3
Dodging        | 1 2 3 4 |  4.0
Maces & Flails | 3 |  3.0
Stealth        | |  0.8

Action                   |  1- 3 |  4- 6 |  7- 9 || total
-------------------------+-------+-------+-------++-------
Melee: War axe           |    16 |    31 |    25 ||    72
       Headbutt          |     3 |     4 |     7 ||    14
       Flail             |       |       |    22 ||    22
  Use: Potion            |     1 |     1 |     1 ||     3
Armor: Scale mail        |     2 |     4 |     2 ||     8
       Plate armour      |       |       |    19 ||    19
Dodge: Dodged            |     9 |    10 |    13 ||    32
Block: Kite shield       |    12 |    15 |    35 ||    62
